 Seeded DCSS version 0.29.1-15-g9cfb28693d (webtiles) character file.

Game seed: 1005979220513258592 (custom seed)

921 Psyclone the Firebug (level 7, -2/36 HPs)
             Began as a Deep Elf Fire Elementalist on Sept 21, 2023.
             Was an Initiate of Gozag.
             Slain by an ice beast (12 damage)
             ... on level 6 of the Dungeon.
             The game lasted 00:11:20 (6881 turns).

Psyclone the Firebug (Deep Elf Fire Elementalist)   Turns: 6881, Time: 00:11:21

Health: -2/36      AC:  5    Str:  5    XL:     7   Next: 84%
Magic:  13/18      EV:  6    Int: 22    God:    Gozag
Gold:   432        SH:  0    Dex: 15    Spells: 4/18 levels left

rFire   . . .      SeeInvis .   g - +0 dagger (speed)
rCold   . . .      Faith    .   (no shield)
rNeg    . . .      Spirit   .   a - +0 robe
rPois   +          Reflect  .   (no helmet)
rElec   .          Harm     .   k - +0 cloak
rCorr   .          Rampage  .   v - +0 pair of gloves
Will    .....                   f - +0 pair of boots
Stlth   ++........              (no amulet)
HPRegen 0.12/turn               h - ring of poison resistance
MPRegen 0.16/turn               A - ring of flight

@: weakened, flying, held
A: no striking features
a: Renounce Religion, Potion Petition, Call Merchant, Bribe Branch


You were on level 6 of the Dungeon.
You worshipped Gozag.
Gozag was aware of your devotion.
You visited 1 branch of the dungeon, and saw 6 of its levels.

You collected 531 gold pieces.
You paid 99 gold pieces to Gozag.

Inventory:

Hand Weapons
 g - a +0 dagger of speed (weapon)
Armour
 a - a +0 robe (worn)
 f - a +0 pair of boots (worn)
 k - a +0 cloak (worn)
 u - a +2 buckler of reflection
 v - a +0 pair of gloves (worn)
Jewellery
 h - a ring of poison resistance (left hand)
 A - a ring of flight (right hand)
Wands
 B - a wand of digging (5)
Scrolls
 j - 3 scrolls of identify {unknown}
 m - 3 scrolls of vulnerability {unknown}
 n - a scroll of immolation {unknown}
 o - 2 scrolls of enchant weapon {unknown}
 p - 5 scrolls of acquirement {unknown}
 w - a scroll of fear {unknown}
 x - a scroll of enchant armour {unknown}
 y - a scroll of blinking {unknown}
Potions
 b - a potion of magic
 c - 3 potions of cancellation {unknown}
 d - 3 potions of lignification {unknown}
 e - a potion of haste {unknown}
 i - 4 potions of might {unknown}
 l - a potion of resistance {unknown}
 q - 2 potions of mutation {unknown}
 r - 2 potions of attraction {unknown}
 s - 3 potions of curing {unknown}
 t - 2 potions of heal wounds {unknown}
 z - a potion of invisibility {unknown}


   Skills:
 - Level 0.1 Fighting
 - Level 2.5 Dodging
 - Level 2.4 Stealth
 - Level 0.1 Shields
 - Level 6.0 Spellcasting
 - Level 6.0 Conjurations
 + Level 3.6 Translocations
 - Level 6.0 Fire Magic


You had 4 spell levels left.
You knew the following spells:

 Your Spells              Type           Power      Damage    Failure   Level
a - Foxfire               Conj/Fire      100%       2x1d9     1%          1
b - Scorch                Fire           66%        2d8       1%          2
c - Conjure Flame         Conj/Fire      33%        6-21      2%          3
d - Lesser Beckoning      Tloc           22%        N/A       6%          3
e - Inner Flame           Hex/Fire       19%        N/A       8%          3
q - Blink                 Tloc           44%        N/A       3%          2

Your spell library contained the following spells:

 Spells                   Type           Power      Damage    Failure   Level
 Flame Wave               Conj/Fire      33%        2d10      8%          4
 Poisonous Vapours        Pois/Air       12%        N/A       14%         2
 Fireball                 Conj/Fire      16%        3d8       22%         5
 Iskenderun's Battlesphe  Conj           33%        2d9       22%         5
 Manifold Assault         Tloc           22%        N/A       50%         5
 Conjure Ball Lightning   Conj/Air       9%         3x3d6     99%         6
 Orb of Destruction       Conj           16%        9d7       100%        7
 Corpse Rot               Necr/Pois/Air  Unusable   N/A       N/A         4

Dungeon Overview and Level Annotations

Branches:
Dungeon (6/15) Zot: 26007
 Temple: D:4-7

Altars:
Elyvilon
Gozag
Qazlal
Sif Muna
Xom
Yredelemnul
The Shining One

Shops:
D:4 *   D:6 :

Annotations:
D:3 exclusion: downstairs


Message History

The gnoll bouda gazes fiercely through you!
You feel as though you will be weak longer.
Casting: Foxfire (safe; 1% risk of failure)
Confirm with . or Enter, or press ? or * to list all spells.
You conjure some foxfire!
The gnoll shouts!
The gnoll barely misses you.
The gnoll bouda barks out a call to the hunt!
The gnoll picks up the pace!
The foxfire hits the gnoll bouda.
The gnoll bouda is heavily wounded.
The foxfire hits the gnoll bouda.
The gnoll bouda is severely wounded.
The gnoll hits you from afar with a +0 spear.
You take 4 damage, and have 32/36 hp.
Casting: Foxfire (safe; 1% risk of failure)
Confirm with . or Enter, or press ? or * to list all spells.
You conjure some foxfire!
The gnoll hits you from afar with a +0 spear.
The gnoll bouda hits you with a +0 whip!
You take 10 damage, and have 22/36 hp.
MASSIVE DAMAGE!!
You now have 14/18 mp.
The foxfire hits the ice beast.
The ice beast melts!
The ice beast is moderately wounded.
The foxfire hits the gnoll bouda.
The gnoll bouda is severely wounded.
The gnoll hits you from afar with a +0 spear.
The gnoll bouda gazes fiercely through you!
You feel as though you will be weak longer.
You take 2 damage, and have 20/36 hp.
Casting: Foxfire (safe; 1% risk of failure)
Confirm with . or Enter, or press ? or * to list all spells.
You conjure some foxfire!
The gnoll hits you but does no damage.
The gnoll bouda gazes fiercely through you!
You feel as though you will be weak longer.
The gnoll bouda hits you with a +0 whip!
The ice beast hits you.
* * * LOW HITPOINT WARNING * * *
The ice beast freezes you!
You die...
Your body crumbles into a pile of gold.

... ... $ ... #.#
#.# ##+ #.# ##...
#####.###
#.....#gv.....#
......g@###.#.##
...$.gYv###....##
........+.......#
........###.....#
..............###
......#####.###
.#...# #.# ##+#
#.# #.# #.#


You could see an ice beast, a gnoll bouda (ally target) and 2 gnolls.

Vanquished Creatures
  Menkaure (D:4)
  An ice beast (D:5)
  A phantom (D:6)
  2 howler monkeys (D:6)
  6 hounds
  Crazy Yiuf (D:2)
  An orc priest (D:6)
  A gnoll bouda (D:4)
  2 jellies (D:6)
  Jessica (D:2)
  An iguana (D:6)
  3 gnolls (D:4)
  5 adders
  An ufetubus (D:6)
  5 worms
  2 dart slugs
  10 orcs
  5 ball pythons
  7 endoplasms
  4 giant cockroaches
  5 goblins
  9 hobgoblins
  2 jackals (D:1)
  2 quokkas
  3 bats
  3 frilled lizards (D:1)
  4 kobolds
  5 rats
  A spectral orc (D:4)
94 creatures vanquished.

Vanquished Creatures (others)
  605 foxfires
605 creatures vanquished.

Grand Total: 699 creatures vanquished

Notes
Turn   | Place    | Note
-------+----------+-------------------------------------------
     0 | D:1      | Psyclone the Deep Elf Fire Elementalist began the quest for
                  | the Orb.
     0 | D:1      | Reached XP level 1. HP: 10/10 MP: 6/6
   515 | D:1      | Reached XP level 2. HP: 6/15 MP: 4/8
   693 | D:1      | You fall into a shaft and drop 1 floor!
  1187 | D:2      | Reached XP level 3. HP: 19/19 MP: 5/9
  1599 | D:2      | Noticed Jessica
  1603 | D:2      | Killed Jessica
  1604 | D:2      | Reached skill level 5 in Fire Magic
  1604 | D:2      | Reached XP level 4. HP: 24/24 MP: 5/10
  1759 | D:2      | Found a runed translucent door.
  1760 | D:2      | Noticed Crazy Yiuf
  1778 | D:2      | Killed Crazy Yiuf
  2657 | D:1      | Learned a level 2 spell: Scorch
  2661 | D:1      | Learned a level 3 spell: Conjure Flame
  2664 | D:1      | Learned a level 2 spell: Blink
  2765 | D:3      | Found a faded altar of an unknown god.
  3865 | D:4      | Reached XP level 5. HP: 28/28 MP: 4/12
  4146 | D:4      | Noticed Menkaure
  4150 | D:4      | Killed Menkaure
  4151 | D:4      | Reached XP level 6. HP: 32/32 MP: 5/14
  4319 | D:4      | Learned a level 3 spell: Inner Flame
  4332 | D:4      | Found a basalt altar of Yredelemnul.
  4601 | D:4      | Found Kufur's Overcharged Wands.
  5152 | D:4      | Learned a level 3 spell: Lesser Beckoning
  5166 | D:5      | Entered Level 5 of the Dungeon
  5183 | D:5      | Found an opulent altar of Gozag.
  5183 | D:5      | Found a shimmering blue altar of Sif Muna.
  5184 | D:5      | Found a white marble altar of Elyvilon.
  5187 | D:5      | Became a worshipper of Gozag Ym Sagoz the Greedy
  5252 | D:5      | Found a shimmering altar of Xom.
  5305 | D:5      | Reached skill level 5 in Spellcasting
  5359 | D:5      | Found a glowing golden altar of the Shining One.
  5471 | D:5      | Identified the +1 hand axe of Disarray {elec, Str+4}
  5553 | D:5      | Noticed an ice beast
  5558 | D:5      | Killed an ice beast
  5559 | D:5      | Reached skill level 5 in Conjurations
  5559 | D:5      | Reached XP level 7. HP: 36/36 MP: 10/17
  6250 | D:6      | Found Famapau's Book Emporium.
  6251 | D:6      | Found a stormy altar of Qazlal.
  6268 | D:6      | Reached skill level 1 in Translocations
  6881 | D:6      | Slain by an ice beast

Illustrated notes

Levels and vault maps discovered:
D:1:      lemuel_arrival_hallway, layout_basic,
          amcnicky_mini_rare_corridor_liquid
D:2:      layout_rooms, dk_noncrumbling_3, chequers_serial_rivers_room_a,
          uniq_crazy_yiuf_cottage, uniq_jessica
D:3:      layout_basic, hellmonk_ecumenical_altar_pennies_from_heaven,
          grunt_ministairs_3
D:4:      layout_basic, yredelemnul_forgotten_temple_becter,
          nicolae_shop_overcharged_wands, uniq_menkaure
D:5:      layout_rooms, tso_altar, nicolae_overflow_quartered_altars,
          minmay_statues_item
D:6:      layout_loops_corners, mainiacjoe_overflow_cross_hatched, temple_hall,
          serial_shops, shop, biasface_ghost_orc_armoury

Skill      XL: |  1  2  3  4  5  6  7 |
---------------+----------------------+-----
Fire Magic     | 4 5 6 |  6.0
Conjurations   | 3 5 6 |  6.0
Spellcasting   | 4 5 6 |  6.0
Translocations | 3 |  3.6
Fighting       | |  0.1
Dodging        | |  2.5
Stealth        | |  2.4
Shields        | |  0.1

Action                   |  1- 3 |  4- 6 |  7- 9 || total
-------------------------+-------+-------+-------++-------
 Cast: Foxfire           |    98 |   193 |    63 ||   354
       Conjure Flame     |       |     3 |     2 ||     5
       Lesser Beckoning  |       |       |     2 ||     2
Armor: Robe              |     5 |     5 |     2 ||    12
Dodge: Dodged            |     9 |    16 |     9 ||    34
